 Dungeon Crawl Stone Soup version 0.27.1-4-g1640c2035a (webtiles) character file.

Game seed: 8622568494250496875

2890 picuous the Cleaver (level 9, -1/79 HPs)
             Began as a Minotaur Berserker on Nov 3, 2021.
             Was an Elder of Trog.
             Killed from afar by a steam dragon (13 damage)
             ... with a ball of steam
             ... on level 7 of the Dungeon.
             The game lasted 00:18:14 (6529 turns).

picuous the Cleaver (Minotaur Berserker)            Turns: 6529, Time: 00:18:15

Health: -1/79      AC: 10    Str: 24    XL:     9   Next: 48%
Magic:  8/8        EV: 10    Int:  4    God:    Trog [****..]
Gold:   350        SH:  0    Dex: 11    Spells: 8/8 levels left

rFire    . . .     SeeInvis .   o - +0 war axe (elec)
rCold    + . .     Faith    .   (no shield)
rNeg     . . .     Spirit   .   s - +0 chain mail
rPois    .         Reflect  .   (helmet restricted)
rElec    .         Harm     .   (no cloak)
rCorr    .         Rampage  .   (no gloves)
Will     ++...                  (no boots)
Stlth    ..........             (no amulet)
HPRegen  1.23/turn              n - ring of protection from cold
MPRegen  0.11/turn              (no ring)

@: strong-willed, spiked, on berserk cooldown, regenerating, slowed, very slow
A: horns 2, retaliatory headbutt
a: Renounce Religion, Berserk, Trog's Hand, Brothers in Arms


You were on level 7 of the Dungeon.
You worshipped Trog.
Trog was greatly pleased with you.
You visited 1 branch of the dungeon, and saw 7 of its levels.

You collected 350 gold pieces.

Inventory:

Hand Weapons
 o - a +0 war axe of electrocution (weapon)
Armour
 b - a +0 animal skin
 f - a +0 ring mail
 s - a +0 chain mail (worn)
Jewellery
 n - a ring of protection from cold (left hand)
 r - a ring of protection from fire
 t - a ring of magical power
Wands
 a - a wand of flame (13)
 v - a wand of acid (5)
Scrolls
 c - 10 scrolls of identify {unknown}
 d - 2 scrolls of magic mapping {unknown}
 e - a scroll of fog {unknown}
 g - 5 scrolls of teleportation {unknown}
 i - a scroll of vulnerability {unknown}
 l - a scroll of enchant weapon {unknown}
 m - 3 scrolls of silence {unknown}
 p - a scroll of blinking {unknown}
Potions
 h - 5 potions of heal wounds {unknown}
 j - 3 potions of brilliance {unknown}
 k - a potion of degeneration {unknown}
 q - a potion of cancellation {unknown}
 u - a potion of curing {unknown}


   Skills:
 + Level 7.6 Fighting
 + Level 9.3(10.0) Axes
 - Level 5.6(8.2) Maces & Flails
 + Level 8.2 Armour
 + Level 5.3 Dodging
 + Level 1.6 Stealth


You had 8 spell levels left.
You didn't know any spells.
Your spell library contained the following spells:

 Spells                   Type           Power      Damage    Failure   Level
 Animate Skeleton         Necr           0%         N/A       97%         1
 Apportation              Tloc           0%         N/A       97%         1
 Corona                   Hex            0%         N/A       97%         1
 Pain                     Necr           0%         1d4       97%         1
 Shock                    Conj/Air       0%         1d3       97%         1
 Summon Small Mammal      Summ           0%         N/A       97%         1
 Ensorcelled Hibernation  Hex/Ice        0%         N/A       99%         2
 Ozocubu's Armour         Ice            0%         N/A       100%        3
 Swiftness                Air            0%         N/A       100%        3
 Tukima's Dance           Hex            0%         N/A       100%        3
 Vampiric Draining        Necr           0%         2d6       100%        3
 Airstrike                Air            0%         N/A       100%        4
 Malign Gateway           Summ/Tloc      0%         N/A       100%        7
 Ozocubu's Refrigeration  Ice            0%         4d5       100%        7
 Summon Horrible Things   Summ           0%         N/A       100%        8


Dungeon Overview and Level Annotations

Branches:
Dungeon (7/15)             Temple (0/1) D:4

Altars:
Kikubaaqudgha
Makhleb
Wu Jian
Xom


Innate Abilities, Weirdness & Mutations

You have a pair of horns on your head.
You reflexively headbutt those who attack you in melee.


Message History

The barbed spikes dig painfully into your body as you move.
You feel your anger nearly subside. The manticore closely misses you.
The manticore claws you but does no damage. x2
Things that are here:
a +0 shortbow of flaming; 16 arrows; a centaur corpse You slash the manticore!
You headbutt the manticore!
The manticore is heavily wounded.
The manticore bites you! The manticore barely misses you.
The manticore misses you.
You hit the manticore. You headbutt the manticore!
The manticore is almost dead.
You slash the manticore!
Lightning courses through the manticore!
You kill the manticore!
Trog accepts your kill.
Your base Axes skill increases to level 9!
The barbed spikes dig painfully into your body as you move.
* * * LOW HITPOINT WARNING * * *
You are no longer berserk.
You are exhausted.
You feel yourself slow down.
You see here a manticore corpse.
Your skin crawls.
You feel strong-willed.
A steam dragon comes into view.
The barbed spikes dig painfully into your body as you move.
* * * LOW HITPOINT WARNING * * *
Things that are here:
a +0 shortbow of flaming; 16 arrows; a centaur corpse The barbed spikes dig painfully into your body as you move.
* * * LOW HITPOINT WARNING * * *
The steam dragon closely misses you. You furiously retaliate!
You headbutt the steam dragon, but do no damage.
The steam dragon barely misses you.
The barbed spikes dig painfully into your body as you move.
* * * LOW HITPOINT WARNING * * *
The steam dragon breathes steam at you. The ball of steam hits you!
You die...

########## .........# ########.#
.#..).# #.########.# ##.##†#.####
...........# #†##.##...>#
...........# #D.#..#.####
...........# ##§##.##.#
...........# #.@#..#..#
...........# ##.##.#..#
...........# #.##.##..#
............ #.....#..#
...........##########..##########
...........#........[............
...†<#####.#.#########.##########
..##).# #.#...........<.........
..###.####.#.####################


You could see a steam dragon (catching breath).

Vanquished Creatures
  A manticore (D:7)
  Menkaure (D:7)
  A steam dragon (D:4)
  2 water moccasins
  An orc warrior (D:6)
  An ice beast (D:5)
  A black bear (D:6)
  An ogre (D:5)
  A centaur (D:7)
  Blork the orc (D:4)
  A phantom (D:5)
  A wyvern zombie (D:7)
  3 scorpions
  A water moccasin zombie (D:5)
  8 killer bees
  A crimson imp (D:6)
  A bullfrog zombie (D:6)
  2 hounds
  2 gnoll shamans
  3 centaur skeletons
  2 jellies
  An iguana (D:5)
  3 orc priests
  A bullfrog skeleton (D:5)
  4 orc wizards
  7 gnolls
  2 howler monkey skeletons (D:6)
  9 adders
  2 shadow imps (D:6)
  A white imp (D:6)
  An ufetubus (D:6)
  A dart slug (D:4)
  20 orcs
  5 ball pythons
  2 bats
  7 endoplasms
  4 giant cockroaches
  6 goblins
  4 hobgoblins
  8 jackals
  5 quokkas
  3 frilled lizards
  3 kobolds
  8 rats
143 creatures vanquished.

Notes
Turn   | Place    | Note
-------+----------+-------------------------------------------
     0 | D:1      | picuous the Minotaur Berserker began the quest for the Orb.
     0 | D:1      | Reached XP level 1. HP: 19/19 MP: 0/0
   420 | D:1      | Reached XP level 2. HP: 20/27 MP: 1/1
   536 | D:1      | Reached skill level 4 in Axes
   865 | D:2      | Reached XP level 3. HP: 24/33 MP: 2/2
   969 | D:2      | Found a faded altar of an unknown god.
  1018 | D:2      | Reached ** piety under Trog
  1716 | D:3      | Found a shimmering altar of Xom.
  1743 | D:3      | Reached skill level 5 in Axes
  1743 | D:3      | Reached XP level 4. HP: 41/41 MP: 3/3
  1816 | D:3      | Found a burning altar of Makhleb.
  1854 | D:3      | Reached skill level 5 in Fighting
  2748 | D:4      | Reached XP level 5. HP: 48/48 MP: 4/4
  2867 | D:4      | Noticed a steam dragon
  2879 | D:4      | Killed a steam dragon
  2880 | D:4      | Reached XP level 6. HP: 56/56 MP: 5/5
  2980 | D:4      | Reached *** piety under Trog
  3490 | D:4      | Noticed Blork the orc
  3500 | D:4      | Killed Blork the orc
  3501 | D:4      | Reached skill level 5 in Armour
  3501 | D:4      | Reached XP level 7. HP: 39/62 MP: 6/6
  3758 | D:4      | Found a staircase to the Ecumenical Temple.
  4045 | D:5      | Entered Level 5 of the Dungeon
  4147 | D:5      | Reached skill level 1 in Stealth
  4454 | D:5      | Reached skill level 5 in Maces & Flails
  4459 | D:5      | Reached XP level 8. HP: 60/70 MP: 7/7
  4734 | D:5      | Found an ornate altar of the Wu Jian Council.
  5512 | D:6      | Reached skill level 5 in Dodging
  5531 | D:5      | HP: 2/71 [gnoll (6)]
  5751 | D:6      | Reached skill level 6 in Axes
  6003 | D:6      | Found an ancient bone altar of Kikubaaqudgha.
  6189 | D:6      | Reached **** piety under Trog
  6190 | D:6      | Reached skill level 7 in Axes
  6260 | D:7      | Reached XP level 9. HP: 79/79 MP: 8/8
  6373 | D:7      | Noticed Menkaure
  6383 | D:7      | Killed Menkaure
  6384 | D:7      | Reached skill level 8 in Axes
  6515 | D:7      | Noticed a manticore
  6524 | D:7      | Killed a manticore
  6525 | D:7      | Reached skill level 9 in Axes
  6529 | D:7      | Killed from afar by a steam dragon

Illustrated notes

Levels and vault maps discovered:
D:1:      minmay_arrival_jagged, layout_basic, minmay_stone_trees_small
D:2:      layout_loops_ring, chequers_ecumenical_altar_island,
          grunt_ministairs_2
D:3:      layout_basic, mainiacjoe_overflow_concentric_impassable,
          lemuel_doored_altar
D:4:      layout_gridville, minmay_temple_entry_enclosed_plants,
          uniq_blork_the_orc
D:5:      layout_basic, nicolae_wu_jian_glorious_leap, serial_curves,
          eino_curves_01, eino_curves_03, hangedman_decor_points, minmay_bent
D:6:      layout_cave_pools, mainiacjoe_overflow_alcove_1, minmay_fountain_box,
          minmay_fire_ice_demons
D:7:      minmay_angry_zag, layout_basic, kennysheep_generic_room_3,
          uniq_menkaure

Skill      XL: |  1  2  3  4  5  6  7  8  9 |
---------------+----------------------------+-----
Fighting       | 4 5 6 7 |  7.6
Axes           | 4 5 7 9 |  9.3
Armour         | 3 5 6 7 8 |  8.2
Dodging        | 3 4 5 |  5.3
Maces & Flails | 2 3 5 |  5.6
Stealth        | 1 |  1.6

Action                   |  1- 3 |  4- 6 |  7- 9 || total
-------------------------+-------+-------+-------++-------
Melee: Hand axe          |    64 |    10 |       ||    74
       Headbutt          |     7 |    19 |    29 ||    55
       Mace              |       |    83 |    49 ||   132
       War axe           |       |       |    82 ||    82
Invok: Berserk           |     2 |     4 |     9 ||    15
       Trog's Hand       |       |     2 |     5 ||     7
Armor: Animal skin       |    10 |       |       ||    10
       Ring mail         |    12 |    45 |    29 ||    86
       Chain mail        |       |       |    15 ||    15
Dodge: Dodged            |    45 |    70 |    95 ||   210
